 Dungeon Crawl Stone Soup version 0.17-a0-1719-g1afd5a1 (webtiles) character file.

1591 KambridgeKobold the Covert (level 8, 0/37 HPs)
             Began as a Spriggan Assassin on Aug 28, 2015.
             Was a Follower of Dithmenos.
             Killed from afar by an orc wizard (9 damage)
             ... with a magic dart
             ... on level 6 of the Dungeon.
             The game lasted 00:40:14 (9510 turns).

KambridgeKobold the Covert (Spriggan Assassin)      Turns: 9510, Time: 00:40:15

Health: 0/37       AC:  3    Str:  8      XL:     8   Next: 61%
Magic:  11/11      EV: 21    Int: 13      God:    Dithmenos [*.....]
Gold:   215        SH:  0    Dex: 20 (24) Spells: 0 memorised, 7 levels left

rFire  . . .     SeeInvis +     a - +2 dagger (drain)
rCold  . . .     Clarity  .     c - +0 robe
rNeg   . . .     SustAt   .     (shield restricted)
rPois  .         Gourm    .     (helmet restricted)
rElec  .         Spirit   .     d - +0 cloak
rCorr  .         Warding  .     (gloves unavailable)
rMut   .         Stasis   .     (boots unavailable)
MR     ++...                    (no amulet)
Stlth  ++++++++..               h - ring of protection from magic
                                q - +4 ring of dexterity

@: wreathed by umbra, very quick, very resistant to hostile enchantments,
extraordinarily stealthy
A: unfitting armour, thin skeletal structure 1, see invisible, herbivore 3,
speed 3, slow metabolism 2, spit poison 1
a: Spit Poison, Renounce Religion


You were on level 6 of the Dungeon.
You worshipped Dithmenos.
Dithmenos was aware of your devotion.
You were full.

You visited 2 branches of the dungeon, and saw 7 of its levels.

You collected 401 gold pieces.
You spent 186 gold pieces at shops.

Inventory:

Hand weapons
 a - a +2 dagger of draining (weapon)
 b - a +0 blowgun
 i - a +0 short sword
 r - a +0 rapier
 A - a -1 long sword
 E - a -1 short sword
 H - a +2 dagger
 I - a +1 short sword of speed
Missiles
 e - 7 poisoned needles
 f - a curare-tipped needle
 o - 2 tomahawks (quivered)
 s - 3 needles of confusion
Armour
 c - a +0 robe (worn)
 d - a +0 cloak (worn)
Jewellery
 h - a ring of protection from magic (right hand)
 q - a +4 ring of dexterity (left hand)
 w - an uncursed ring of poison resistance
 B - an uncursed ring of positive energy
 C - an uncursed ring of teleportation
 D - a +3 ring of dexterity
Magical devices
 p - a wand of enslavement (7)
 F - a wand of confusion (32)
 L - a wand of flame (39)
Scrolls
 j - 2 scrolls of remove curse
 l - 2 scrolls of noise {unknown}
 m - 5 scrolls of teleportation
 t - a scroll of torment
 v - a scroll of magic mapping
 y - 3 scrolls of recharging {unknown}
 G - a scroll of identify
 M - a scroll of summoning {unknown}
Potions
 k - a potion of curing
 n - a potion of lignification {unknown}
 u - a potion of degeneration
 x - 2 potions of agility {unknown}
 z - 2 potions of heal wounds
 K - a potion of berserk rage {unknown}
Comestibles
 g - 5 bread rations
 J - 4 fruits


   Skills:
 - Level 1.5 Fighting
 + Level 7.0 Short Blades
 - Level 2.1 Throwing
 + Level 4.7 Dodging
 - Level 12.8 Stealth
 + Level 3.1 Invocations


You had 7 spell levels left.
You didn't know any spells.

Dungeon Overview and Level Annotations

Branches:
Dungeon (6/15)             Temple (1/1) D:4

Altars:
Ashenzari
Dithmenos
Elyvilon
Fedhas
Gozag
Kikubaaqudgha
Makhleb
Nemelex Xobeh
Qazlal
Sif Muna
Trog
Vehumet
Xom
Yredelemnul
Zin
The Shining One

Shops:
D:4 ?*?!   D:5 }


Innate Abilities, Weirdness & Mutations

You are tiny and cannot use many weapons and most armour.
You have supernaturally acute eyesight.
You are a herbivore.
You cover ground extremely quickly.
You need consume almost no food.
You have a somewhat thin skeletal structure (Dex +2, Stealth).
You can spit weak poison.


Message History

Dithmenos accepts your kill.
You closely miss the goblin. The goblin completely misses you.
You closely miss the goblin. You hit the goblin.
You kill the goblin!
Dithmenos accepts your kill.
You barely miss the ogre. You hit the ogre but do no damage.
The ogre hits you with a giant club!!
Ouch! That really hurt!
* * * LOW HITPOINT WARNING * * *
You hear a shout!
You hear a shout! x3
An orc comes into view.
An orc wizard comes into view. It is wielding a dagger.
You see here a scroll labeled UTESHR WORHI.
M - a scroll labeled UTESHR WORHI The orc moves out of view.
The orc wizard casts a spell at you. The magic dart hits you!
You die...

... #...# ..##
#.%.# ...# .". ##
#..###g# ..#
#..##g# ..#
##.#..# #.#
#....##
#..####.O.###..
.###..#<@....ooo..
..........###.o###
##..##..### .## #
##.# # #.# #.# #.#
#.# #.#


You could see an orc warrior, an ogre, 2 orc wizards, an orc and a goblin.

Vanquished Creatures
  2 phantoms (D:5)
  A sky beast (D:4)
  3 ogres
  The ghost of Baka the Changer, an average OpTm (D:3)
  A jelly (D:5)
  4 scorpions
  A quasit (D:5)
  A hound (D:4)
  2 orc priests
  2 giant frog skeletons (D:5)
  A gnoll shaman (D:5)
  A centaur skeleton (D:4)
  4 orc wizards
  2 worker ants (D:5)
  A hound skeleton (D:5)
  12 gnolls
  8 adders
  A shadow imp (D:5)
  2 adder skeletons (D:5)
  3 worms
  21 orcs
  7 bats
  3 giant cockroaches
  7 hobgoblins
  6 jackals
  6 kobolds
  3 quokkas
  A ball python (D:3)
  4 giant geckos
  5 giant newts
  20 goblins
  A jackal skeleton (D:5)
  6 rats
  3 fungi (D:5)
146 creatures vanquished.

Vanquished Creatures (others)
  A centaur (D:5)
  An iguana (D:5)
  An orc (D:5)
3 creatures vanquished.

Grand Total: 149 creatures vanquished

Notes
Turn   | Place    | Note
--------------------------------------------------------------
     0 | D:1      | KambridgeKobold the Spriggan Assassin began the quest for the Orb.
     0 | D:1      | Reached XP level 1. HP: 10/10 MP: 2/2
    50 | D:1      | Reached skill level 6 in Stealth
   466 | D:1      | Reached XP level 2. HP: 14/14 MP: 3/3
  1306 | D:2      | You fall through a shaft!
  1341 | D:3      | Found a faded altar to an unknown god.
  1349 | D:3      | Noticed Baka's ghost (average OpTm)
  1420 | D:3      | Reached skill level 7 in Stealth
  1470 | D:3      | Reached XP level 3. HP: 18/18 MP: 4/4
  1670 | D:3      | Reached XP level 4. HP: 18/22 MP: 5/5
  1844 | D:3      | Killed Baka's ghost
  1844 | D:3      | Reached skill level 8 in Stealth
  1844 | D:3      | Reached XP level 5. HP: 19/25 MP: 6/6
  1974 | D:3      | HP: 1/25 [orc/tomahawk (6)]
  2631 | D:4      | Reached skill level 9 in Stealth
  3289 | D:4      | Found Cuck's Distillery.
  3301 | D:4      | Found Raha's Magic Scroll Shop.
  3302 | D:4      | Found Kazum's Assorted Antiques.
  3307 | D:4      | Bought a scroll of remove curse for 33 gold pieces
  3307 | D:4      | Bought a scroll of torment for 82 gold pieces
  3307 | D:4      | Bought a scroll of magic mapping for 38 gold pieces
  3731 | D:4      | Found a staircase to the Ecumenical Temple.
  3741 | Temple   | Entered the Ecumenical Temple
  3863 | D:4      | Reached XP level 6. HP: 21/30 MP: 7/7
  3984 | D:4      | Found Xeizxesh's Magic Scroll Shop.
  3988 | D:4      | Bought a scroll of identify for 22 gold pieces
  3992 | D:4      | Gained mutation: You can spit weak poison. [potion of mutation]
  3992 | D:4      | Gained mutation: You have a somewhat thin skeletal structure (Dex +2, Stealth). [potion of mutation]
  4191 | D:4      | Reached skill level 10 in Stealth
  4631 | D:4      | Reached skill level 5 in Short Blades
  4951 | D:4      | Bought a potion of degeneration for 11 gold pieces
  4995 | D:5      | Entered Level 5 of the Dungeon
  4998 | D:5      | Reached skill level 11 in Stealth
  4998 | D:5      | Reached XP level 7. HP: 33/33 MP: 8/8
  5479 | D:2      | Found a shadowy altar of Dithmenos.
  5480 | D:2      | Found a deep blue altar of Sif Muna.
  5487 | D:2      | Became a worshipper of Dithmenos the Shadowed
  5728 | D:2      | Found an opulent altar of Gozag.
  6768 | D:5      | Found Gyfeud Emul's Gadget Emporium.
  6864 | D:5      | Found a shimmering altar of Xom.
  7084 | D:5      | Reached skill level 12 in Stealth
  7466 | D:4      | Reached XP level 8. HP: 37/37 MP: 9/9
  7904 | D:5      | Reached skill level 1 in Invocations
  9510 | D:6      | Killed from afar by an orc wizard

Vault maps used:
D:1:      lightli_arrival_statuegarden, roderic_curled_sauvastika
D:2:      grunt_gozag_statues, gammafunk_temple_overflow_pools, first_bread
D:3:      ecumenical_altar_2
D:4:      temple_hall, serial_shops, nicolae_shop_window_shopping, shop,
          nicolae_shop_trees, shop
D:5:      old_forge, xom_confusion_cloud, serial_shops, shop,
          lightli_corner_chamber
D:6:      okawaru_ov_weapons_minmay, serial_shops, shop, shop, shop,
          nicolae_shop_stone, minmay_ogre_servants, uniq_prince_ribbit1
Temple:   circular_temple_12

Action                   |  1- 3 |  4- 6 |  7- 9 || total
-------------------------+-------+-------+-------++-------
Melee: Dagger            |    76 |   166 |   409 ||   651
 Fire: Blowgun           |    23 |    58 |    62 ||   143
Throw: Tomahawk          |       |     2 |     7 ||     9
  Use: Scroll            |       |     4 |     1 ||     5
       Potion            |       |     1 |       ||     1
 Stab: Sleeping          |     9 |     8 |    20 ||    37
       Distracted        |       |     5 |     5 ||    10
  Eat: Fruit             |       |     2 |     1 ||     3
       Bread ration      |       |       |     1 ||     1
       Pizza             |       |       |     1 ||     1
